 Dungeon Crawl Stone Soup version 0.30-a0-778-g2ef04afb54 (webtiles) character file.

Game seed: 17677668689046255473

161 Orangeyouglad the Insei (level 5, -9/40 HPs)
             Began as a Vampire Gladiator on Feb 15, 2023.
             Was a High Priest of Ignis.
             Mangled by an ogre
             ... wielding a +0 giant club
              (11 damage)
             ... on level 4 of the Dungeon.
             The game lasted 00:06:22 (2120 turns).

Orangeyouglad the Insei (Vampire Gladiator)         Turns: 2120, Time: 00:06:22

Health: -9/40      AC: 13    Str: 15    XL:     5   Next: 19%
Magic:  0/5        EV: 13    Int: 11    God:    Ignis [*****.]
Gold:   169        SH:  0    Dex: 15    Spells: 4/4 levels left

rFire   + . .      SeeInvis +      - Unarmed
rCold   . . .      Faith    .    (no shield)
rNeg    . . .      Spirit   +    a - +0 leather armour
rPois   .          Reflect  .    b - +0 helmet
rElec   .          Harm     .    k - +0 cloak
rCorr   .          Rampage  .    (no gloves)
Will    .....                    w - +0 pair of boots
Stlth   ++                       f - amulet of guardian spirit
HPRegen 0.46/turn                (no ring)
MPRegen 0.09/turn                (no ring)

@: fiery-armoured, healing quickly
A: alive, fangs 3, see invisible, vampiric 2
a: Exsanguinate, Renounce Religion, Fiery Armour, Foxfire Swarm, Rising Flame


You were on level 4 of the Dungeon.
You worshipped Ignis.
Ignis was extremely pleased with you.
You visited 1 branch of the dungeon, and saw 4 of its levels.

You collected 169 gold pieces.

Inventory:

Missiles
 c - 5 throwing nets
 d - a javelin (quivered)
Armour
 a - a +0 leather armour (worn)
 b - a +0 helmet (worn)
 k - a +0 cloak (worn)
 w - a +0 pair of boots (worn)
Magical Staves
 s - a staff of poison
Jewellery
 f - an amulet of guardian spirit (around neck)
 v - a ring of magical power
Scrolls
 e - a scroll of fear {unknown}
 g - a scroll of noise {unknown}
 h - 3 scrolls of vulnerability {unknown}
 o - 4 scrolls of teleportation {unknown}
 r - a scroll of identify {unknown}
 u - a scroll of brand weapon {unknown}
Potions
 i - a potion of haste {unknown}
 j - a potion of mutation {unknown}
 l - 3 potions of curing {unknown}
 m - a potion of might {unknown}
 n - 2 potions of lignification {unknown}
 p - a potion of resistance {unknown}
 q - a potion of brilliance {unknown}
 t - a potion of cancellation {unknown}


   Skills:
 + Level 2.9 Fighting
 - Level 2.0 Throwing
 + Level 4.3 Dodging
 + Level 2.7 Stealth
 + Level 4.3 Unarmed Combat


You had 4 spell levels left.
You didn't know any spells.
Your spell library contained the following spells:

 Spells                   Type           Power      Damage    Failure   Level
 Vhi's Electric Charge    Tloc/Air       0%         N/A       78%         3
 Arcjolt                  Conj/Air       0%         1d10      100%        5
 Maxwell's Capacitive Co  Air            0%         ∞         100%        8


Dungeon Overview and Level Annotations

Branches:
Dungeon (4/15)
 Temple: D:4-7

Altars:
Hepliaklqana
Okawaru
Uskayaw
Ignis


Innate Abilities, Weirdness & Mutations

Your natural rate of healing is accelerated.
You have razor-sharp teeth.
You have supernaturally acute eyesight. (SInv)
You are afflicted with vampirism and can become a bat while bloodless.


Message History

A giant cockroach comes into view.
A giant cockroach is nearby!
An ogre comes into view. It is wielding a +0 giant club.
The ogre shouts!
There are no items here.
You see here 13 gold pieces.
You now have 169 gold pieces (gained 13).
The giant cockroach bites you but does no damage.
The ogre attacks as you move away! The ogre barely misses you.
The giant cockroach bites you.
Okay, then.
A protective cloak of flame settles atop you.
The giant cockroach closely misses you.
You closely miss the giant cockroach. Your bite misses the giant cockroach.
The giant cockroach bites you but does no damage.
The giant cockroach is burned by your cloak of flames.
The giant cockroach is severely wounded.
The ogre hits you with a +0 giant club!!
Ouch! That really hurt!
* * * LOW HITPOINT WARNING * * *
The ogre is burned by your cloak of flames.
The ogre is lightly wounded.
You hit the giant cockroach but do no damage.
You bite the giant cockroach.
You kill the giant cockroach!
You hit the ogre.
The ogre is moderately wounded.
The ogre misses you.
You hit the ogre but do no damage. You bite the ogre.
The ogre is heavily wounded.
You hit the ogre but do no damage. Your bite misses the ogre.
The ogre is heavily wounded.
The ogre hits you with a +0 giant club!
* * * LOW HITPOINT WARNING * * *
The ogre is burned by your cloak of flames.
The ogre is severely wounded.
You hit the ogre.
The ogre is severely wounded.
The ogre hits you with a +0 giant club!
You die...

. .. ......## .# .#.#
#.#...######.#.# ...
#.)........#.#.# ..####
###.###..#.....#
#....#####.####.#..#>###
##.....#.)...##.#......#
#.............#.....##.##
...............##O#.....#
...............#@....###
...............#.#...#
...............#.#...#
............<....#...#
.....)...............#
#...<.........####...#
##.....#.....# #...#
############# #...# #####


You could see an ogre.

Vanquished Creatures
  2 vampire bats (D:3)
  A hound (D:3)
  A worm (D:2)
  A dart slug (D:1)
  5 endoplasms
  3 giant cockroaches
  3 goblins (D:1)
  5 hobgoblins
  3 jackals (D:2)
  4 quokkas
  3 ball pythons
  7 bats
  2 frilled lizards
  4 kobolds
  5 rats
49 creatures vanquished.

Vanquished Creatures (others)
  2 plants (D:1)
2 creatures vanquished.

Grand Total: 51 creatures vanquished

Notes
Turn   | Place    | Note
-------+----------+-------------------------------------------
     0 | D:1      | Orangeyouglad the Vampire Gladiator began the quest for the
                  | Orb.
     0 | D:1      | Reached XP level 1. HP: 16/16 MP: 1/1
    78 | D:1      | Reached XP level 2. HP: 19/22 MP: 2/2
   330 | D:1      | Found a faded altar of an unknown god.
   362 | D:1      | Prayed at the altar of an unknown god.
   362 | D:1      | Became a worshipper of Ignis, the Dying Flame
   681 | D:2      | Gained mutation: You are afflicted with vampirism and can
                  | become a bat while bloodless. [Vampire growth]
   681 | D:2      | Reached XP level 3. HP: 27/27 MP: 3/3
   688 | D:2      | Found a hazy altar of Hepliaklqana.
  1465 | D:3      | Reached skill level 1 in Stealth
  1465 | D:3      | Reached XP level 4. HP: 34/34 MP: 4/4
  1989 | D:3      | Reached XP level 5. HP: 39/40 MP: 3/5
  2009 | D:3      | Found a hide-covered altar of Uskayaw.
  2041 | D:3      | Found a faded altar of an unknown god.
  2045 | D:3      | Found an iron altar of Okawaru.
  2109 | D:4      | Noticed an ogre
  2119 | D:4      | HP: 1/40 [ogre/+0 giant club (13)]
  2120 | D:4      | Mangled by an ogre

Illustrated notes

Levels and vault maps discovered:
D:1:      minmay_arrival_four_houses, layout_rooms,
          shapermc_ecumenical_altar_mp_ritualfount
D:2:      layout_basic, basic_altar
D:3:      layout_rooms, marbit_many_paths, nicolae_overflow_ecumenical_swirl,
          roderic_batcave
D:4:      layout_rooms, ashenzari_conservatory_becter, tgw_trog,
          nicolae_wormholes

Skill      XL: |  1  2  3  4 |
---------------+-------------+-----
Fighting       | 2 |  2.9
Throwing       | 2 |  2.0
Dodging        | 4 |  4.3
Stealth        | 1 2 |  2.7
Unarmed Combat | 4 |  4.3

Action                     |  1- 3 |  4- 6 || total
---------------------------+-------+-------++-------
  Melee: Unarmed           |   136 |    59 ||   195
         Bite              |    11 |     5 ||    16
         Punch             |     2 |     1 ||     3
  Throw: Javelin           |     2 |     1 ||     3
 Invoke: Fiery Armour      |       |     1 ||     1
 Armour: Leather armour    |    41 |    32 ||    73
  Dodge: Dodged            |   104 |    61 ||   165

Table legend: (Time is in decaauts)
 A = Elapsed time spent in this place.
 B = Non-inter-level travel time spent in this place.
 C = Inter-level travel time spent in this place.
 D = Time resting spent in this place.
 E = Time spent auto-exploring this place.
 F = Levels seen in this place.
 G = Mean time per level.
                   A        B        C        D        E       F      G
               +--------+--------+--------+--------+--------+-----+--------+
         Total |   2108 |   2013 |     95 |      0 |   1344 |   4 |  527.0 |
       Dungeon |   2108 |   2013 |     95 |      0 |   1344 |   4 |  527.0 |
               +--------+--------+--------+--------+--------+-----+--------+

Top non-repeatable levels by time:
     D:2: 779 daAuts
     D:1: 647 daAuts
     D:3: 627 daAuts
     D:4: 53 daAuts
